 Dungeon Crawl Stone Soup version 0.28-a0-991-g956f0ee3d5 (webtiles) character file.

Game seed: 5569227331242228455

53 Decritt the Skirmisher (level 3, -6/33 HPs)
             Began as a Minotaur Fighter on Dec 5, 2021.
             Mangled by an ogre (27 damage)
             ... on level 3 of the Dungeon.
             The game lasted 00:02:10 (1709 turns).

Decritt the Skirmisher (Minotaur Fighter)           Turns: 1709, Time: 00:02:11

Health: -6/33      AC:  8    Str: 20    XL:     3   Next: 62%
Magic:  2/2        EV:  9    Int:  5    God:
Gold:   40         SH:  4    Dex: 11    Spells: 2/2 levels left

rFire   . . .      SeeInvis .   a - +0 war axe
rCold   . . .      Faith    .   c - +0 buckler
rNeg    . . .      Spirit   .   b - +0 scale mail
rPois   .          Reflect  .   (helmet restricted)
rElec   .          Harm     .   f - +0 cloak
rCorr   .          Rampage  .   (no gloves)
Will    .....                   (no boots)
Stlth   ..........              (no amulet)
HPRegen 0.11/turn               (no ring)
MPRegen 0.08/turn               (no ring)

@: no status effects
A: horns 2, retaliatory headbutt
a: no special abilities


You were on level 3 of the Dungeon.
You visited 1 branch of the dungeon, and saw 3 of its levels.

You collected 40 gold pieces.

Inventory:

Hand Weapons
 a - a +0 war axe (weapon)
Armour
 b - a +0 scale mail (worn)
 c - a +0 buckler (worn)
 f - a +0 cloak (worn)
Scrolls
 g - a scroll of identify {unknown}
 i - a scroll of enchant weapon {unknown}
 k - a scroll of amnesia {unknown}
 m - a scroll of noise {unknown}
Potions
 d - a potion of might
 e - a potion of brilliance {unknown}
 h - a potion of curing {unknown}
 j - a potion of flight {unknown}
 l - a potion of heal wounds {unknown}


   Skills:
 * Level 4.3 Fighting
 * Level 3.5 Axes
 + Level 4.0 Armour
 + Level 4.0 Shields


You had 2 spell levels left.
You didn't know any spells.
Your spell library was empty.

Dungeon Overview and Level Annotations

Branches:
Dungeon (3/15)

Altars:


Innate Abilities, Weirdness & Mutations

You have a pair of horns on your head.
You reflexively headbutt those who attack you in melee.


Message History

No target in view!
No target in view!
Partly explored, can't reach some places.
Partly explored, can't reach some places.
No target in view!
Partly explored, can't reach some places.
(D) Dungeon
Where to? (Enter - D:2, ? - help) Key pressed, stopping travel.
You can't go down here!
(D) Dungeon
Where to? (Enter - D:1, ? - help)
There is a faded altar of an unknown god here.
There is a stone staircase leading down here.
You climb downwards.
There is a stone staircase leading up here.
A ball python comes into view.
The ball python hisses angrily.
You hear a shout!
A ball python is nearby!
A ball python is nearby!
An ogre comes into view. It is wielding a +0 giant club.
You slash the ball python!
You kill the ball python!
An ogre comes into view.
It is wielding a +0 giant club. 2 bats come into view.
Found 12 gold pieces.
Found a stone staircase leading up.
The ogre shouts!
You hear an angry hiss.
A kobold comes into view. It is wielding a +0 dagger.
The bat hits you but does no damage.
The bat moves out of view.
You hear an angry hiss.
The kobold shouts!
You slash the bat!
You kill the bat!
You hit the ogre. You headbutt the ogre!
The ogre is heavily wounded.
You hit the ogre. The ogre hits you with a +0 giant club!
You block the ogre's attack.
The ogre hits you with a +0 giant club!!
Ouch! That really hurt!
You die...

. .. #..$ .....
################......
#.............@O..K...
#.#############O###...
#.# ... #.# ...8.
###.# ....... ....#
.8..... ##### ....<..
.8.....


You could see 2 ogres and a kobold.

Vanquished Creatures
  An adder (D:2)
  A worm (D:2)
  3 ball pythons
  6 bats
  3 endoplasms (D:1)
  A giant cockroach (D:1)
  2 goblins
  4 hobgoblins
  3 quokkas
  4 frilled lizards
  8 kobolds
  5 rats
41 creatures vanquished.

Vanquished Creatures (others)
  2 demonic plants (D:2)
  3 fungi (D:2)
  3 withered plants (D:2)
8 creatures vanquished.

Grand Total: 49 creatures vanquished

Notes
Turn   | Place    | Note
-------+----------+-------------------------------------------
     0 | D:1      | Decritt the Minotaur Fighter began the quest for the Orb.
     0 | D:1      | Reached XP level 1. HP: 19/19 MP: 0/0
   415 | D:1      | Reached XP level 2. HP: 26/27 MP: 1/1
  1266 | D:2      | Found a faded altar of an unknown god.
  1341 | D:2      | Reached XP level 3. HP: 32/33 MP: 2/2
  1704 | D:3      | Noticed an ogre
  1706 | D:3      | Noticed an ogre
  1709 | D:3      | Mangled by an ogre

Illustrated notes

Levels and vault maps discovered:
D:1:      scummos_arrival_forest, layout_basic, nicolae_figureground_pulse
D:2:      layout_rooms, shapermc_ecumenical_altar_gd,
          chequers_serial_rivers_micro_e
D:3:      layout_loops_ring, grunt_ministairs_10, glass_columns_a

Skill      XL: |  1  2  3 |
---------------+----------+-----
Fighting       | 4 |  4.3
Axes           | 3 |  3.5
Armour         | 4 |  4.0
Shields        | 4 |  4.0

Action                   || total
-------------------------++-------
Melee: War axe           ||    79
       Headbutt          ||    12
Armor: Scale mail        ||    34
Dodge: Dodged            ||    34
Block: Buckler           ||    11

Table legend: (Time is in decaauts)
 A = Elapsed time spent in this place.
 B = Non-inter-level travel time spent in this place.
 C = Inter-level travel time spent in this place.
 D = Time resting spent in this place.
 E = Time spent auto-exploring this place.
 F = Levels seen in this place.
 G = Mean time per level.
                   A        B        C        D        E       F      G
               +--------+--------+--------+--------+--------+-----+--------+
         Total |   1736 |   1629 |    107 |      0 |   1379 |   3 |  578.7 |
       Dungeon |   1736 |   1629 |    107 |      0 |   1379 |   3 |  578.7 |
               +--------+--------+--------+--------+--------+-----+--------+

Top non-repeatable levels by time:
     D:1: 1244 daAuts
     D:2: 459 daAuts
     D:3: 33 daAuts
